 Dungeon Crawl Stone Soup version 0.21.1-1-g345015fe64 (webtiles) character file.

122 deadestbob the Poker (level 5, 0/40 HPs)
             Began as a Merfolk Skald on Mar 29, 2018.
             Slain by a scorpion (3 damage)
             ... on level 4 of the Dungeon.
             The game lasted 00:31:56 (3025 turns).

deadestbob the Poker (Merfolk Skald)                Turns: 3025, Time: 00:31:57

Health: 0/40       AC:  5    Str: 12    XL:     5   Next: 6%
Magic:  7/8        EV: 13    Int: 13    God:
Gold:   195        SH:  0    Dex: 13    Spells: 3/9 levels left

rFire    . . .     SeeInvis .   a - +0 spear
rCold    . . .     Gourm    .   (no shield)
rNeg     . . .     Faith    .   b - +0 leather armour
rPois    .         Spirit   .   (no helmet)
rElec    .         Reflect  .   i - +0 cloak
rCorr    .         Harm     .   (no gloves)
MR       .....                  r - +0 pair of boots
Stlth    +.........             (no amulet)
HPRegen  0.13/turn              f - ring of wizardry
MPRegen  0.11/turn              (no ring)

@: no status effects
A: change form in water, swift swim, stealthy swim
a: no special abilities


You were on level 4 of the Dungeon.
You were not hungry.

You visited 1 branch of the dungeon, and saw 4 of its levels.

You collected 195 gold pieces.

Inventory:

Hand Weapons
 a - a +0 spear (weapon)
Missiles
 l - 19 stones (quivered)
Armour
 b - a +0 leather armour (worn)
 i - a +0 cloak (worn)
 r - a +0 pair of boots (worn)
Jewellery
 f - a ring of wizardry (left hand)
Scrolls
 e - 4 scrolls of identify
 g - a scroll of remove curse
 h - 2 scrolls of teleportation
 j - a scroll of enchant weapon {unknown}
 k - a scroll of noise {unknown}
 m - a scroll of random uselessness {unknown}
 o - 2 scrolls of fog
 p - a scroll of fear {unknown}
Potions
 s - a potion of haste {unknown}
Books
 c - a book of Battle

   Spells                             Type                      Level
   a - Infusion                       Charms                       1
   b - Shroud of Golubria             Charms/Translocation         2
   c - Song of Slaying                Charms                       2
   d - Spectral Weapon                Hexes/Charms                 3
   e - Regeneration                   Charms/Necromancy            3
 t - a book of Misfortune

   Spells                             Type                      Level
   a - Confusing Touch                Hexes                        1
   b - Confuse                        Hexes                        3
   c - Gell's Gravitas                Translocation                3
   d - Petrify                        Transmutation/Earth          4
   e - Metabolic Englaciation         Hexes/Ice                    5
   f - Yara's Violent Unravelling     Hexes/Transmutation          5
Comestibles
 d - 8 rations


   Skills:
 + Level 2.9 Fighting
 + Level 4.0 Polearms
 - Level 1.0 Armour
 + Level 3.6 Dodging
 + Level 2.5 Spellcasting
 + Level 0.3 Hexes
 + Level 3.8 Charms
 + Level 1.0 Translocations


You had 3 spell levels left.
You knew the following spells:

 Your Spells              Type           Power        Failure   Level  Hunger
a - Infusion              Chrm           ##..         2%          1    #......
b - Shroud of Golubria    Chrm/Tloc      #.........   7%          2    ###....
c - Spectral Weapon       Hex/Chrm       #.......     16%         3    ###....


Dungeon Overview and Level Annotations

Branches:
Dungeon (4/15)
 Temple: D:4-7

Altars:
Qazlal
Trog


Message History

The scorpion is severely wounded.
The scorpion stings you.
* * * LOW HITPOINT WARNING * * *
You closely miss the scorpion.
The scorpion is severely wounded.
The scorpion barely misses you.
You hit the scorpion but do no damage.
The scorpion is severely wounded.
You are no longer magically infusing your attacks.
The scorpion barely misses you.
You barely miss the scorpion.
The scorpion is severely wounded.
The scorpion barely misses you.
You completely miss the scorpion.
The scorpion is severely wounded.
The scorpion closely misses you.
You hit the scorpion.
The scorpion is severely wounded.
The scorpion stings you.
You die...

#.# #.#
#.# #.#
#<###.####
#).......+
#.###.####
#...#.#
###.#.#
.#.# #.#@#
#.#.#s##
#......#
#.#.#..#
...#....
#.# ##.###
... .. ##.
.## # .#


You could see a scorpion.

Vanquished Creatures
  3 adders (D:2)
  A gnoll (D:1)
  3 dart slugs
  6 leopard geckos
  2 orcs (D:3)
  6 bats
  6 giant cockroaches
  5 goblins (D:3)
  6 hobgoblins
  7 jackals (D:3)
  3 kobolds
  A quokka (D:3)
  2 ball pythons
  2 frilled lizards (D:1)
  16 rats
69 creatures vanquished.

Notes
Turn   | Place    | Note
-------+----------+-------------------------------------------
     0 | D:1      | deadestbob the Merfolk Skald began the quest for the Orb.
     0 | D:1      | Reached XP level 1. HP: 16/16 MP: 3/3
   170 | D:1      | Reached XP level 2. HP: 19/22 MP: 5/5
   288 | D:1      | Learned a level 2 spell: Shroud of Golubria
   701 | D:1      | Reached skill level 1 in Armour
   701 | D:1      | Reached XP level 3. HP: 28/28 MP: 1/6
   887 | D:1      | Learned a level 3 spell: Spectral Weapon
  1251 | D:2      | Reached XP level 4. HP: 19/34 MP: 7/7
  1705 | D:2      | Found a bloodstained altar of Trog.
  2551 | D:3      | Reached skill level 1 in Translocations
  2615 | D:3      | Reached skill level 4 in Polearms
  2676 | D:3      | Reached XP level 5. HP: 39/40 MP: 8/8
  2707 | D:3      | Found a stormy altar of Qazlal.
  3020 | D:4      | HP: 2/40 [scorpion (4)]
  3025 | D:4      | Slain by a scorpion

Skill      XL: |  1  2  3  4 |
---------------+-------------+-----
Dodging        | 3 |  3.6
Armour         | 1 |  1.0
Translocations | 1 |  1.0
Polearms       | 4 |  4.0
Fighting       | |  2.9
Spellcasting   | |  2.5
Hexes          | |  0.3
Charms         | |  3.8

Action                   |  1- 3 |  4- 6 || total
-------------------------+-------+-------++-------
Melee: Spear             |   114 |   204 ||   318
Throw: Stone             |     5 |     2 ||     7
 Cast: Infusion          |     1 |     1 ||     2
       Spectral Weapon   |       |     1 ||     1
  Use: Scroll            |     4 |     1 ||     5
       Potion            |       |     2 ||     2
 Stab: Sleeping          |       |     3 ||     3
  Eat: Chunk             |     1 |     6 ||     7
Armor: Leather armour    |    10 |    45 ||    55
Dodge: Dodged            |    63 |   101 ||   164
